AoeStats
← Abetterhandle

Fortress

510052555Analyzed
4v4 RM · 4d ago on Sep 29, 2026· 58m 22s· 8 players
Game mode
Random Map
Map size
Huge
Population
200
Speed
Normal
Resources
Standard
Victory
Conquest
Starting age
Dark Age
Ending age
Imperial Age
RankedLock teamsTeams togetherTeam positionsShared explorationLock speedFull tech treeHidden civsTurbo modeCheats
Victory
Defeat
🇲🇽 Romans · Mexico
1010
+12
🇲🇽 Vikings · Mexico
1010
+12
🇲🇽 Mongols · Mexico
1005
+13
🇦🇺 Burmese · Australia
886
+16
🇪🇸 Mongols · Spain
944
-14
🇨🇳 Danes · China
921
-13
🇳🇿 Saxons · New Zealand
919
-13
🇹🇷 Saracens · Türkiye
917
-13
Abetterhandle
0:57 Loom
7:35 Feudal Age
8:08 Double-Bit Axe
8:21 Horse Collar
16:54 Castle Age
15:08 Bloodlines
16:26 Fletching
20:30 Husbandry
21:24 Gold Mining
22:18 Bow Saw
22:25 Bodkin Arrow
23:17 Thumb Ring
26:07 Heavy Plow
31:47 Forging
35:26 Imperial Age
32:43 Town Watch
33:34 Wheelbarrow
33:15 Scale Barding Armor
33:48 Iron Casting
34:11 Fortified Wall
34:23 Ballistics
35:47 Cranequins
35:48 Heavy Mounted Crossbowman
37:12 Bracer
37:33 Chain Barding Armor
37:47 Hand Cart
37:43 Shield Wall
39:03 Squires
39:36 Arson
39:36 Gambesons
40:38 Elite Skirmisher
41:26 Padded Archer Armor
41:27 Scale Mail Armor
41:50 Elite Varangian Guard
44:20 Onager
45:13 Siege Engineers
46:10 Chemistry
45:22 Masonry
47:16 Light Cavalry
49:20 Hussar
51:07 Conscription
太原老登
6:48 Feudal Age
9:28 Loom
14:40 Castle Age
13:04 Arson
13:06 Horse Collar
13:13 Double-Bit Axe
23:34 Fletching
32:48 Imperial Age
30:36 Squires
30:22 Gambesons
30:51 Forging
30:41 Hamask
32:24 Iron Casting
31:49 Scale Mail Armor
33:36 Heavy Plow
33:48 Bow Saw
34:45 Wheelbarrow
34:29 Chain Mail Armor
35:14 Blast Furnace
33:36 Elite Jomsviking
34:37 Conscription
33:41 Northmen's Fury
34:24 Capped Ram
35:00 Stone Mining
35:07 Gold Mining
36:43 Plate Mail Armor
36:36 Caravan
38:57 Siege Ram
40:17 Hand Cart
40:25 Hand Cart
41:02 Masonry
41:59 Siege Engineers
42:51 Bodkin Arrow
44:05 Chemistry
43:28 Ballistics
43:07 Elite Varangian Guard
44:42 Heavy Mounted Crossbowman
44:45 Cranequins
46:35 Onager
48:06 Bracer
48:19 Siege Onager
fer_es_merengue9
6:51 Feudal Age
7:40 Double-Bit Axe
10:23 Loom
14:13 Castle Age
12:58 Horse Collar
13:12 Gold Mining
13:14 Stone Mining
18:13 Fletching
20:59 Gold Shaft Mining
21:49 Bow Saw
22:28 Gold Shaft Mining
22:38 Padded Archer Armor
22:33 Bodkin Arrow
23:13 Nomads
24:02 Leather Archer Armor
23:54 Scale Barding Armor
24:36 Heavy Plow
29:50 Imperial Age
28:14 Wheelbarrow
27:25 Town Watch
28:36 Careening
28:38 Fortified Wall
28:27 Murder Holes
28:43 Fortified Wall
29:16 Scale Mail Armor
29:36 Chain Barding Armor
29:32 Bloodlines
29:22 Husbandry
30:38 Light Cavalry
32:04 Conscription
34:05 Ballistics
34:11 Hussar
35:04 Forging
37:39 Iron Casting
38:29 Hand Cart
38:14 Town Patrol
41:15 Bracer
42:16 Blast Furnace
41:37 Chain Barding Armor
42:18 Capped Ram
42:37 Elite Mangudai
44:52 Parthian Tactics
46:24 Drill
46:53 Siege Ram
51:05 Chemistry
50:12 Siege Engineers
50:17 Masonry
BalPorsuğu
8:22 Feudal Age
13:16 Castle Age
11:23 Double-Bit Axe
11:23 Horse Collar
12:07 Man-at-Arms
14:29 Wheelbarrow
15:38 Loom
28:09 Imperial Age
26:21 Padded Archer Armor
26:21 Scale Mail Armor
26:55 Ballistics
30:07 Chemistry
28:38 Elite Skirmisher
29:55 Heavy Plow
34:49 Pikeman
35:29 Squires
36:00 Heavy Camel Rider
42:26 Arson
43:13 Leather Archer Armor
43:13 Chain Mail Armor
43:10 Forging
42:22 Elite Mameluke
44:09 Bow Saw
44:09 Caravan
49:12 Light Cavalry
50:02 Bloodlines
52:30 Hussar
xNFTxNeMeziZGT
0:39 Loom
10:21 Feudal Age
11:14 Man-at-Arms
11:39 Arson
11:55 Double-Bit Axe
13:01 Horse Collar
17:37 Castle Age
18:00 Forging
17:51 Scale Mail Armor
17:56 Long Swordsman
21:28 Squires
25:38 Bow Saw
26:52 Elite Skirmisher
32:01 Imperial Age
32:03 Town Watch
32:52 Heavy Plow
33:50 Fletching
34:00 Padded Archer Armor
34:29 Conscription
34:31 Gold Mining
34:31 Stone Mining
37:42 Chemistry
37:03 Ballistics
37:56 Two-Man Saw
42:29 Elite Berserk
46:08 Caravan
57:05 Chieftains
Mora
8:18 Feudal Age
14:08 Castle Age
12:41 Double-Bit Axe
12:40 Horse Collar
14:03 Wheelbarrow
13:15 Loom
14:10 Wheelbarrow
19:08 Bow Saw
19:00 Heavy Plow
24:43 Hand Cart
25:07 Gold Mining
25:08 Stone Mining
25:07 Town Watch
28:21 Gold Shaft Mining
28:22 Stone Shaft Mining
27:41 Fletching
27:51 Padded Archer Armor
31:23 Imperial Age
30:36 Bodkin Arrow
30:56 Leather Archer Armor
31:03 Ballistics
30:53 Fortified Wall
30:54 Town Patrol
31:30 Masonry
31:28 Scale Barding Armor
31:38 Bloodlines
31:29 Husbandry
31:56 Elite Mangudai
33:04 Parthian Tactics
32:45 Thumb Ring
33:03 Drill
33:03 Conscription
32:29 Onager
33:31 Light Cavalry
34:12 Bracer
34:33 Chain Barding Armor
34:13 Scale Mail Armor
34:24 Forging
34:21 Siege Engineers
35:17 Chemistry
34:40 Siege Onager
40:18 Chain Mail Armor
40:38 Iron Casting
41:54 Capped Ram
42:01 Hussar
52:22 Caravan
xNFTxLethalZGT
7:43 Feudal Age
8:09 Double-Bit Axe
13:18 Castle Age
15:05 Bow Saw
18:26 Elite Skirmisher
21:49 Ballistics
26:10 Imperial Age
24:08 Horse Collar
24:21 Gold Mining
24:54 Fletching
25:26 Padded Archer Armor
26:44 Heavy Plow
27:26 Conscription
28:00 Leather Archer Armor
28:42 Wheelbarrow
28:59 Crop Rotation
28:55 Bodkin Arrow
29:48 Gold Shaft Mining
29:18 Capped Ram
30:58 Ring Archer Armor
34:10 Bloodlines
34:01 Husbandry
33:21 Light Cavalry
34:40 Hand Cart
34:11 Loom
36:47 Scale Barding Armor
36:53 Forging
38:25 Chain Barding Armor
39:25 Iron Casting
40:24 Chemistry
39:57 Stone Mining
43:42 Pikeman
44:23 Squires
44:17 Halberdier
48:21 Plate Barding Armor
48:47 Blast Furnace
49:57 Comitatenses
52:33 Cavalier
57:49 Caravan
AussieHoon
3:02 Loom
9:09 Feudal Age
11:15 Horse Collar
14:43 Castle Age
14:02 Gold Mining
14:19 Fletching
20:38 Wheelbarrow
21:32 Padded Archer Armor
23:31 Bodkin Arrow
24:49 Ballistics
24:52 Hand Cart
26:41 Forging
27:30 Pikeman
28:13 Squires
28:03 Arson
28:55 Iron Casting
28:22 Scale Mail Armor
30:54 Heavy Plow
31:17 Bloodlines
31:08 Husbandry
31:18 Scale Barding Armor
32:07 Stone Mining
32:53 Gold Shaft Mining
33:11 Chain Barding Armor
37:42 Imperial Age
37:22 Masonry
38:04 Halberdier
38:57 Howdah
40:01 Blast Furnace
42:51 Bracer
45:32 Caravan
45:34 Light Cavalry
46:38 Manipur Cavalry
50:22 Chain Mail Armor
51:56 Elite Battle Elephant
52:55 Elite Skirmisher
56:02 Plate Barding Armor
Connection lost

Rejoining the realm…

Still unreachable

The connection could not be restored.

Session expired

The server has moved on; the page needs a fresh start.